| TOP OF THE 1ST |
|
Memphis Blues batting - Pitching for El Paso Chihuahuas : RHP Raymond Prince
|
|
Pitching: RHP Raymond Prince
|
|
|
Batting: LHB Mike Patterson
|
0-0: Fly out, F5 (Popup, 5S, EV 81.3 MPH)
|
|
Batting: RHB Jim Pankovits
|
0-0: Foul Ball, location: 2F 0-1: Ball 1-1: DOUBLE (Line Drive, 78D, EV 106.9 MPH)
|
|
Batting: RHB Randy Filkins
|
0-0: Ball 1-0: Ground out 5-3 (Groundball, 56S, EV 91.9 MPH)
|
|
Batting: SHB Jerry Lane
|
0-0: Ball 1-0: Foul Ball, location: 2F 1-1: Foul Ball, location: 2F 1-2: Strikes out swinging
|
| Top of the 1st over - 0 runs, 1 hit, 0 errors, 1 left on base; Memphis 0 - El Paso 0 |
| BOTTOM OF THE 1ST |
|
El Paso Chihuahuas batting - Pitching for Memphis Blues : LHP Dom Chiti
|
|
Pitching: LHP Dom Chiti
|
|
|
Batting: LHB Andy Van Slyke
|
0-0: Ball 1-0: Ball 2-0: Ball 3-0: Called Strike 3-1: Swinging Strike 3-2: Strikes out swinging
|
|
Batting: RHB Dick C Schofield
|
0-0: Ball 1-0: Called Strike 1-1: Ball 2-1: Foul Ball, location: 2F 2-2: Ball 3-2: Base on Balls
|
|
Batting: RHB Jesse Vann
|
0-0: Ball 1-0: Ball 2-0: Ball 3-0: Base on Balls Dick C Schofield to second
|
|
Batting: RHB William Cole
|
0-0: Called Strike 0-1: Swinging Strike 0-2: Fly out, F6 (Popup, 6, EV 54.4 MPH)
|
|
Batting: LHB Mark Salas
|
0-0: Fly out, F5 (Flyball, 5D, EV 92.5 MPH)
|
| Bottom of the 1st over - 0 runs, 0 hits, 0 errors, 2 left on base; Memphis 0 - El Paso 0 |
| TOP OF THE 2ND |
|
Memphis Blues batting - Pitching for El Paso Chihuahuas : RHP Raymond Prince
|
|
Batting: LHB Doug Frobel
|
0-0: Foul Ball, location: 2F 0-1: Ball 1-1: Ball 2-1: Fly out, F8 (Flyball, 89D, EV 81.3 MPH)
|
|
Batting: LHB Mike Martin
|
0-0: Called Strike 0-1: Foul Ball, location: 2F 0-2: Strikes out swinging
|
|
Batting: LHB David Christianson
|
0-0: Ball 1-0: Ball 2-0: Ball 3-0: Foul Ball, location: 2F 3-1: DOUBLE (Line Drive, 89D, EV 101.3 MPH)
|
|
Batting: RHB William Muth
|
0-0: Ball 1-0: Ball 2-0: Called Strike 2-1: Ball 3-1: Base on Balls
|
|
Batting: LHB Don Jacoby
|
0-0: Swinging Strike 0-1: Swinging Strike 0-2: Ball 1-2: Fly out, F6 (Flyball, 56D, EV 84.4 MPH)
|
| Top of the 2nd over - 0 runs, 1 hit, 0 errors, 2 left on base; Memphis 0 - El Paso 0 |
| BOTTOM OF THE 2ND |
|
El Paso Chihuahuas batting - Pitching for Memphis Blues : LHP Dom Chiti
|
|
Batting: LHB Dan Murphy
|
0-0: Swinging Strike 0-1: Fly out, F9 (Flyball, 9D, EV 87.5 MPH)
|
|
Batting: RHB Mark Funderburk
|
0-0: Ball 1-0: TRIPLE (Flyball, 9D, EV 92.5 MPH)
|
|
Batting: RHB Jeffery Tipton
|
0-0: Called Strike 0-1: Swinging Strike 0-2: Ground out 3-1 (Groundball, 34, EV 76.9 MPH) Mark Funderburk scores
|
|
Batting: RHB Cliff Wherry
|
0-0: Ball 1-0: Called Strike 1-1: Foul Ball, location: 2F 1-2: Ball 2-2: Ground out 4-3 (Groundball, 34, EV 88.8 MPH)
|
| Bottom of the 2nd over - 1 run, 1 hit, 0 errors, 0 left on base; Memphis 0 - El Paso 1 |
| TOP OF THE 3RD |
|
Memphis Blues batting - Pitching for El Paso Chihuahuas : RHP Raymond Prince
|
|
Batting: LHB Mike Patterson
|
0-0: Called Strike 0-1: Foul Ball, location: 2F 0-2: Ball 1-2: Ball 2-2: Fly out, F5 (Popup, 5L, EV 75.6 MPH)
|
|
Batting: RHB Jim Pankovits
|
0-0: Foul Ball, location: 2F 0-1: Ground out 6-3 (Groundball, 6D, EV 101.9 MPH)
|
|
Batting: RHB Randy Filkins
|
0-0: Called Strike 0-1: Foul Ball, location: 2F 0-2: Ball 1-2: Foul Ball, location: 2F 1-2: Ball 2-2: SOLO HOME RUN (Flyball, 89XD, EV 99.4 MPH), Distance : 426 ft
|
|
Batting: SHB Jerry Lane
|
0-0: Ball 1-0: Called Strike 1-1: Ball 2-1: Foul Ball, location: 2F 2-2: Fly out, F7 (Flyball, 7LS, EV 75.6 MPH)
|
| Top of the 3rd over - 1 run, 1 hit, 0 errors, 0 left on base; Memphis 1 - El Paso 1 |
| BOTTOM OF THE 3RD |
|
El Paso Chihuahuas batting - Pitching for Memphis Blues : LHP Dom Chiti
|
|
Batting: LHB Andy Van Slyke
|
0-0: Called Strike 0-1: Swinging Strike 0-2: Ball 1-2: SINGLE (Line Drive, 9S, EV 95.6 MPH)
|
|
Batting: RHB Dick C Schofield
|
0-0: Fly out, F7 (Flyball, 7LD, EV 105.0 MPH)
|
|
Batting: RHB Jesse Vann
|
0-0: Called Strike Andy Van Slyke steals 2nd base 0-1: Ball 1-1: Ball 2-1: Foul Ball, location: 2F 2-2: Strikes out swinging
|
|
Batting: RHB William Cole
|
0-0: Foul Ball, location: 2F 0-1: Ball 1-1: Ball Wild Pitch! Andy Van Slyke to third 2-1: Ball 3-1: Base on Balls
|
|
Batting: LHB Mark Salas
|
0-0: Called Strike 0-1: Foul Ball, location: 2F 0-2: Foul Ball, location: 2F 0-2: DOUBLE (Line Drive, 78D, EV 107.5 MPH) Andy Van Slyke scores William Cole to third Runner from 3rd tries for Home, SAFE, throw by CF to home
|
|
Batting: LHB Dan Murphy
|
0-0: Called Strike 0-1: Ball 1-1: Fly out, F7 (Flyball, 7LS, EV 85.6 MPH)
|
| Bottom of the 3rd over - 2 runs, 2 hits, 0 errors, 1 left on base; Memphis 1 - El Paso 3 |
| TOP OF THE 4TH |
|
Memphis Blues batting - Pitching for El Paso Chihuahuas : RHP Raymond Prince
|
|
Batting: LHB Doug Frobel
|
0-0: Foul Ball, location: 2F 0-1: DOUBLE (Line Drive, 7LD, EV 108.8 MPH)
|
|
Batting: LHB Mike Martin
|
0-0: Ball 1-0: Swinging Strike 1-1: Called Strike 1-2: Foul Ball, location: 2F 1-2: Strikes out swinging
|
|
Batting: LHB David Christianson
|
0-0: Swinging Strike 0-1: Ball 1-1: Called Strike 1-2: Strikes out looking
|
|
Batting: RHB William Muth
|
0-0: Foul Ball, location: 2F 0-1: Ground out 5-3 (Groundball, 56S, EV 81.9 MPH)
|
| Top of the 4th over - 0 runs, 1 hit, 0 errors, 1 left on base; Memphis 1 - El Paso 3 |
| BOTTOM OF THE 4TH |
|
El Paso Chihuahuas batting - Pitching for Memphis Blues : LHP Dom Chiti
|
|
Batting: RHB Mark Funderburk
|
0-0: Called Strike 0-1: Ball 1-1: Reached via error on a dropped throw from SS, E3 (Groundball, 6S, EV 93.1 MPH)
|
|
Batting: RHB Jeffery Tipton
|
0-0: Called Strike 0-1: Called Strike 0-2: Ball 1-2: SINGLE (Line Drive, 89M, EV 97.5 MPH) Mark Funderburk to second
|
|
Batting: RHB Cliff Wherry
|
0-0: Ball 1-0: Ball 2-0: Called Strike 2-1: Ball 3-1: Ground out U3 (Groundball, 3S, EV 69.4 MPH) Mark Funderburk to third Jeffery Tipton to second
|
|
Batting: LHB Andy Van Slyke
|
0-0: Ball 1-0: Ground out 6-3 (Groundball, 6, EV 82.5 MPH) Mark Funderburk scores
|
|
Batting: RHB Dick C Schofield
|
0-0: Ball 1-0: SINGLE (Line Drive, 5D, EV 109.4 MPH) Jeffery Tipton to third Runner from 3rd tries for Home, SAFE, no throw by LF
|
|
Batting: RHB Jesse Vann
|
0-0: Swinging Strike 0-1: Ball Passed Ball! Dick C Schofield to second 1-1: Ball 2-1: Foul Ball, location: 2F 2-2: Foul Ball, location: 2F 2-2: Ball 3-2: Strikes out swinging
|
| Bottom of the 4th over - 2 runs, 2 hits, 1 error, 1 left on base; Memphis 1 - El Paso 5 |
| TOP OF THE 5TH |
|
Memphis Blues batting - Pitching for El Paso Chihuahuas : RHP Raymond Prince
|
|
Batting: LHB Don Jacoby
|
0-0: Ball 1-0: Foul Ball, location: 2F 1-1: Called Strike 1-2: Foul Ball, location: 2F 1-2: Foul Ball, location: 2F 1-2: SINGLE (Line Drive, 8RS, EV 92.5 MPH)
|
|
Batting: LHB Mike Patterson
|
0-0: Ball 1-0: Foul Ball, location: 2F 1-1: Ball 2-1: Fielders Choice at 2nd, 4-6 (Groundball, 34, EV 91.3 MPH)
|
|
Batting: RHB Jim Pankovits
|
0-0: Called Strike Mike Patterson steals 2nd base 0-1: Ball 1-1: Fly out, F3 (Popup, 3S, EV 73.8 MPH)
|
|
Batting: RHB Randy Filkins
|
0-0: Swinging Strike 0-1: Ball 1-1: Ball 2-1: SINGLE (Groundball, 56, EV 102.5 MPH) (infield hit) Mike Patterson to third
|
|
Batting: SHB Jerry Lane
|
0-0: Foul Ball, location: 2F 0-1: Ball 1-1: Ball 2-1: Swinging Strike 2-2: Foul Ball, location: 2F 2-2: Foul Ball, location: 2F 2-2: Strikes out swinging
|
| Top of the 5th over - 0 runs, 2 hits, 0 errors, 2 left on base; Memphis 1 - El Paso 5 |
| BOTTOM OF THE 5TH |
|
El Paso Chihuahuas batting - Pitching for Memphis Blues : LHP Dom Chiti
|
|
Batting: RHB William Cole
|
0-0: Ball 1-0: Called Strike 1-1: Foul Ball, location: 2F 1-2: Ball 2-2: Fly out, F9 (Flyball, 89XD, EV 95.6 MPH)
|
|
Batting: LHB Mark Salas
|
0-0: Called Strike 0-1: Foul Ball, location: 2F 0-2: Foul Ball, location: 2F 0-2: Ball 1-2: Strikes out looking
|
|
Batting: LHB Dan Murphy
|
0-0: Called Strike 0-1: Ball 1-1: SINGLE (Line Drive, 6D, EV 98.8 MPH)
|
|
Batting: RHB Mark Funderburk
|
0-0: Called Strike 0-1: Swinging Strike 0-2: Fly out, F8 (Flyball, 89D, EV 82.5 MPH)
|
| Bottom of the 5th over - 0 runs, 1 hit, 0 errors, 1 left on base; Memphis 1 - El Paso 5 |
| TOP OF THE 6TH |
|
Memphis Blues batting - Pitching for El Paso Chihuahuas : RHP Raymond Prince
|
|
Batting: LHB Doug Frobel
|
0-0: Ball 1-0: Fly out, F8 (Flyball, 8LXD, EV 102.5 MPH)
|
|
Batting: LHB Mike Martin
|
0-0: Reached on error, E6 (Groundball, 6, EV 85.6 MPH)
|
|
Batting: LHB David Christianson
|
0-0: Called Strike 0-1: Foul Ball, location: 2F 0-2: Strikes out swinging
|
|
Batting: RHB William Muth
|
0-0: Ball 1-0: Called Strike 1-1: DOUBLE (Line Drive, 7LS, EV 91.3 MPH) Mike Martin scores
|
|
Batting: LHB Don Jacoby
|
0-0: Ball 1-0: Called Strike 1-1: Ball 2-1: Foul Ball, location: 2F 2-2: Foul Ball, location: 2F 2-2: Ball 3-2: Foul Ball, location: 2F 3-2: Strikes out swinging
|
| Top of the 6th over - 1 run, 1 hit, 1 error, 1 left on base; Memphis 2 - El Paso 5 |
| BOTTOM OF THE 6TH |
|
El Paso Chihuahuas batting - Pitching for Memphis Blues : LHP Dom Chiti
|
|
Batting: RHB Jeffery Tipton
|
0-0: Swinging Strike 0-1: Foul Ball, location: 2F 0-2: Foul Ball, location: 2F 0-2: Strikes out swinging
|
|
Batting: RHB Cliff Wherry
|
0-0: DOUBLE (Flyball, 89D, EV 96.9 MPH)
|
|
Batting: LHB Andy Van Slyke
|
0-0: Called Strike 0-1: Ball 1-1: Called Strike 1-2: Ball 2-2: Foul Ball, location: 2F 2-2: Ball 3-2: Fly out, F5 (Line Drive, 5, EV 74.4 MPH)
|
|
Batting: RHB Dick C Schofield
|
0-0: Ball 1-0: Ball 2-0: Called Strike 2-1: Foul Ball, location: 2F 2-2: DOUBLE (Groundball, 3L, EV 102.5 MPH) Cliff Wherry scores
|
|
Batting: RHB Jesse Vann
|
0-0: Ball 1-0: Ball 2-0: Ball 3-0: Called Strike 3-1: Foul Ball, location: 2F 3-2: Base on Balls
|
|
Pitching: RHP Craig Mitchell
|
|
|
Batting: RHB William Cole
|
0-0: Ball 1-0: Swinging Strike 1-1: Ball 2-1: Ball 3-1: Ground out U3 (Groundball, 3, EV 78.8 MPH)
|
| Bottom of the 6th over - 1 run, 2 hits, 0 errors, 2 left on base; Memphis 2 - El Paso 6 |
| TOP OF THE 7TH |
|
Memphis Blues batting - Pitching for El Paso Chihuahuas : RHP Raymond Prince
|
|
Batting: LHB Mike Patterson
|
0-0: Foul Ball, location: 2F 0-1: Called Strike 0-2: Ball 1-2: Ball 2-2: Strikes out swinging
|
|
Batting: RHB Jim Pankovits
|
0-0: Ball 1-0: Ball 2-0: Called Strike 2-1: Ball 3-1: SINGLE (Line Drive, 9S, EV 106.9 MPH)
|
|
Batting: RHB Randy Filkins
|
0-0: Foul Ball, location: 2F 0-1: Foul Ball, location: 2F 0-2: Ball 1-2: Ball 2-2: Strikes out swinging
|
|
Batting: SHB Jerry Lane
|
0-0: Ground out 4-3 (Groundball, 4, EV 80.6 MPH)
|
| Top of the 7th over - 0 runs, 1 hit, 0 errors, 1 left on base; Memphis 2 - El Paso 6 |
| BOTTOM OF THE 7TH |
|
El Paso Chihuahuas batting - Pitching for Memphis Blues : RHP Craig Mitchell
|
|
Batting: LHB Mark Salas
|
0-0: Ball 1-0: Foul Ball, location: 2F 1-1: SINGLE (Line Drive, 56D, EV 100.6 MPH)
|
|
Batting: LHB Dan Murphy
|
0-0: Ball 1-0: Ball 2-0: Called Strike 2-1: Foul Ball, location: 2F 2-2: Ball 3-2: SINGLE (Groundball, 3D, EV 96.9 MPH) Mark Salas to second Runner from 2nd tries for 3rd, SAFE, throw by RF made to third
|
|
Batting: RHB Mark Funderburk
|
0-0: Ball Dan Murphy steals 2nd base 1-0: Ground out 4-3 (Groundball, 4, EV 82.5 MPH) Mark Salas scores Dan Murphy to third
|
|
Batting: RHB Jeffery Tipton
|
0-0: Called Strike 0-1: Foul Ball, location: 2F 0-2: Strikes out looking
|
|
Batting: RHB Cliff Wherry
|
0-0: Ball 1-0: Called Strike 1-1: Foul Ball, location: 2F 1-2: Ball 2-2: Reached on error, E5 (Groundball, 56, EV 78.8 MPH) Dan Murphy scores
|
|
Batting: LHB Andy Van Slyke
|
0-0: Foul Ball, location: 2F 0-1: Called Strike 0-2: Foul Ball, location: 2F 0-2: DOUBLE (Groundball, 3L, EV 103.8 MPH) Cliff Wherry to third Cliff Wherry scores
|
|
Batting: RHB Dick C Schofield
|
0-0: Foul Ball, location: 2F 0-1: Called Strike 0-2: Ball 1-2: Ball 2-2: SINGLE (Line Drive, 9LM, EV 110.0 MPH) Andy Van Slyke to third Runner from 3rd tries for Home, SAFE, throw by RF to home Dick C Schofield to second
|
|
Pinch Hitting: RHB Joe Hicks
|
0-0: Called Strike 0-1: Ball 1-1: Ball 2-1: Ball 3-1: Base on Balls
|
|
Batting: RHB William Cole
|
0-0: Ball 1-0: Ball 2-0: Fielders Choice at 2nd, 6-4 (Groundball, 56, EV 85.0 MPH)
|
| Bottom of the 7th over - 4 runs, 4 hits, 1 error, 2 left on base; Memphis 2 - El Paso 10 |
| TOP OF THE 8TH |
|
Memphis Blues batting - Pitching for El Paso Chihuahuas : RHP Raymond Prince
|
|
Now at 1B: Joe Hicks
|
|
|
Batting: LHB Doug Frobel
|
0-0: Ball 1-0: Ball 2-0: Ball 3-0: Called Strike 3-1: Fly out, F9 (Line Drive, 9, EV 87.5 MPH)
|
|
Batting: LHB Mike Martin
|
0-0: Ball 1-0: Ball 2-0: Called Strike 2-1: Swinging Strike 2-2: Foul Ball, location: 2F 2-2: Strikes out swinging
|
|
Batting: LHB David Christianson
|
0-0: Fly out, F7 (Flyball, 7LS, EV 90.6 MPH)
|
| Top of the 8th over - 0 runs, 0 hits, 0 errors, 0 left on base; Memphis 2 - El Paso 10 |
| BOTTOM OF THE 8TH |
|
El Paso Chihuahuas batting - Pitching for Memphis Blues : RHP Craig Mitchell
|
|
Batting: LHB Mark Salas
|
0-0: Fly out, F9 (Flyball, 9S, EV 65.0 MPH)
|
|
Batting: LHB Dan Murphy
|
0-0: Ball 1-0: Fly out, F4 (Popup, 4S, EV 85.0 MPH)
|
|
Batting: RHB Mark Funderburk
|
0-0: Ground out 1-3 (Groundball, P, EV 82.5 MPH)
|
| Bottom of the 8th over - 0 runs, 0 hits, 0 errors, 0 left on base; Memphis 2 - El Paso 10 |
| TOP OF THE 9TH |
|
Memphis Blues batting - Pitching for El Paso Chihuahuas : RHP Raymond Prince
|
|
Batting: RHB William Muth
|
0-0: Called Strike 0-1: Ball 1-1: Foul Ball, location: 2F 1-2: Foul Ball, location: 2F 1-2: Foul Ball, location: 2F 1-2: Fly out, F9 (Flyball, 9LM, EV 103.8 MPH)
|
|
Batting: LHB Don Jacoby
|
0-0: Foul Ball, location: 2F 0-1: Ball 1-1: Ground out 6-3 (Groundball, 6, EV 81.3 MPH)
|
|
Batting: LHB Mike Patterson
|
0-0: Foul Ball, location: 2F 0-1: Ball 1-1: Ball 2-1: Fly out, F5 (Popup, 56, EV 60.0 MPH)
|
| Top of the 9th over - 0 runs, 0 hits, 0 errors, 0 left on base; Memphis 2 - El Paso 10 |
|